AA
MONCTON MOHAWKS @ LAWRENCE PATRIOTS
05/13/2060
 
TOP OF THE 1ST
Moncton Mohawks batting - Pitching for Lawrence Patriots : RHP Breon Babechi
Pitching: RHP Breon Babechi
Batting: RHB Derell Machuca 0-0: Ball
1-0: Foul Ball, location: 2F
1-1: Foul Ball, location: 2F
1-2: Foul Ball, location: 2F
1-2: SINGLE (Flyball, 3D, EV 91.2 MPH)
Batting: LHB Quincy Mobley 0-0: Called Strike
0-1: Foul Ball, location: 2F
0-2: Ball
1-2: Ball
2-2: Foul Ball, location: 2F
2-2: Ball
3-2: SINGLE (Line Drive, 56D, EV 96.2 MPH)
Derell Machuca to second
Batting: LHB Joseph Llamas 0-0: Called Strike
0-1: Foul Ball, location: 2F
0-2: Ball
1-2: Ball
2-2: Foul Ball, location: 2F
2-2: 3-RUN HOME RUN (Flyball, 9LD, EV 92.5 MPH), Distance : 336 ft
Batting: RHB Vincent Manning 0-0: Fly out, F8 (Flyball, 8RS, EV 85.6 MPH)
Batting: RHB Wyatt Rivera 0-0: Called Strike
0-1: Called Strike
0-2: Strikes out looking
Batting: LHB Dallin Mummau 0-0: Called Strike
0-1: Ground out 6-3 (Groundball, 6M, EV 83.1 MPH)
Top of the 1st over - 3 runs, 3 hits, 0 errors, 0 left on base; Moncton 3 - Lawrence 0
BOTTOM OF THE 1ST
Lawrence Patriots batting - Pitching for Moncton Mohawks : LHP Jarrett Payne
Pitching: LHP Jarrett Payne
Batting: RHB Obie Simbolon 0-0: Called Strike
0-1: Foul Ball, location: 2F
0-2: Ball
1-2: Ball
2-2: Ball
3-2: Base on Balls
Batting: LHB Deshaun Hone 0-0: Swinging Strike
0-1: Ball
1-1: Foul Ball, location: 2F
1-2: Strikes out swinging
Batting: RHB Vin Edwards 0-0: SINGLE (Groundball, 56D, EV 102.5 MPH)
Obie Simbolon to second
Batting: RHB Parker Woods 0-0: Called Strike
0-1: Fly out, F7 (Line Drive, 78M, EV 88.1 MPH)
Batting: RHB Lloyd Fair 0-0: Called Strike
0-1: Ball
1-1: Ball
2-1: Ball
3-1: Called Strike
3-2: Foul Ball, location: 2F
3-2: Foul Ball, location: 2F
3-2: Base on Balls
Obie Simbolon to third
Vin Edwards to second
Batting: LHB Mort Simbolon 0-0: Called Strike
0-1: Ball
1-1: Foul Ball, location: 2F
1-2: Strikes out swinging
Bottom of the 1st over - 0 runs, 1 hit, 0 errors, 3 left on base; Moncton 3 - Lawrence 0
TOP OF THE 2ND
Moncton Mohawks batting - Pitching for Lawrence Patriots : RHP Breon Babechi
Batting: RHB Seamus Elliott 0-0: Foul Ball, location: 2F
0-1: Ball
1-1: Ball
2-1: Foul Ball, location: 2F
2-2: Strikes out swinging
Batting: LHB Dallas Wombolt 0-0: Swinging Strike
0-1: Ball
1-1: DOUBLE (Line Drive, 78D, EV 95.0 MPH)
Batting: RHB Elias Boulton 0-0: Fly out, F7 (Flyball, 78M, EV 78.8 MPH)
Batting: RHB Derell Machuca 0-0: Called Strike
0-1: Swinging Strike
0-2: Strikes out swinging
Top of the 2nd over - 0 runs, 1 hit, 0 errors, 1 left on base; Moncton 3 - Lawrence 0
BOTTOM OF THE 2ND
Lawrence Patriots batting - Pitching for Moncton Mohawks : LHP Jarrett Payne
Batting: RHB Scottie Viele 0-0: Ball
1-0: Ball
2-0: Ball
3-0: Base on Balls
Batting: LHB Phillip Smith 0-0: Ball
1-0: Ball
2-0: Foul Ball, location: 2F
2-1: SINGLE (Groundball, P, EV 91.2 MPH) (infield hit)
Scottie Viele to second
Batting: LHB Andy Hendricks 0-0: Called Strike
0-1: Ball
1-1: Swinging Strike
1-2: Foul Ball, location: 2F
1-2: Ball
2-2: Strikes out swinging
Batting: RHB Obie Simbolon 0-0: Ball
1-0: Called Strike
1-1: Foul Ball, location: 2F
1-2: Foul Ball, location: 2F
1-2: Fly out, F9 (Flyball, 9, EV 93.8 MPH)
Batting: LHB Deshaun Hone 0-0: Ball
1-0: Called Strike
1-1: Ball
2-1: Ball
3-1: Foul Ball, location: 2F
3-2: Foul Ball, location: 2F
3-2: Strikes out swinging
Bottom of the 2nd over - 0 runs, 1 hit, 0 errors, 2 left on base; Moncton 3 - Lawrence 0
TOP OF THE 3RD
Moncton Mohawks batting - Pitching for Lawrence Patriots : RHP Breon Babechi
Batting: LHB Quincy Mobley 0-0: Ball
1-0: SINGLE (Groundball, 5D, EV 100.0 MPH)
Batting: LHB Joseph Llamas 0-0: Called Strike
0-1: Foul Ball, location: 2F
0-2: Fielders Choice at 2nd, 5-4 (Groundball, 5L, EV 87.5 MPH)
Batting: RHB Vincent Manning 0-0: Ball
1-0: Ball
2-0: Fly out, F6 (Flyball, 6D, EV 88.8 MPH)
Batting: RHB Wyatt Rivera 0-0: Called Strike
0-1: Ball
1-1: Called Strike
1-2: Foul Ball, location: 2F
1-2: Ball
2-2: Ball
3-2: Base on Balls
Joseph Llamas to second
Batting: LHB Dallin Mummau 0-0: Ball
1-0: Foul Ball, location: 2F
1-1: Ball
2-1: Foul Ball, location: 2F
2-2: Strikes out swinging
Top of the 3rd over - 0 runs, 1 hit, 0 errors, 2 left on base; Moncton 3 - Lawrence 0
BOTTOM OF THE 3RD
Lawrence Patriots batting - Pitching for Moncton Mohawks : LHP Jarrett Payne
Batting: RHB Vin Edwards 0-0: Ball
1-0: Ball
2-0: Ball
3-0: Base on Balls
Batting: RHB Parker Woods 0-0: Ball
1-0: Ball
2-0: Ball
3-0: Called Strike
3-1: Foul Ball, location: 2F
3-2: Foul Ball, location: 2F
3-2: Grounds into double play, 6-4-3 (Groundball, 6, EV 88.1 MPH)
Batting: RHB Lloyd Fair 0-0: Ball
1-0: Ball
2-0: Ground out U3 (Groundball, 34, EV 83.8 MPH)
Bottom of the 3rd over - 0 runs, 0 hits, 0 errors, 0 left on base; Moncton 3 - Lawrence 0
TOP OF THE 4TH
Moncton Mohawks batting - Pitching for Lawrence Patriots : RHP Breon Babechi
Batting: RHB Seamus Elliott 0-0: Called Strike
0-1: Ball
1-1: Swinging Strike
1-2: SOLO HOME RUN (Flyball, 7LD, EV 95.6 MPH), Distance : 361 ft
Batting: LHB Dallas Wombolt 0-0: Ball
1-0: Ground out 6-3 (Groundball, 6, EV 86.9 MPH)
Batting: RHB Elias Boulton 0-0: Ball
1-0: Ball
2-0: Fly out, F8 (Flyball, 8RD, EV 96.2 MPH)
Batting: RHB Derell Machuca 0-0: Called Strike
0-1: Ball
1-1: Fly out, F7 (Flyball, 7S, EV 91.9 MPH)
Top of the 4th over - 1 run, 1 hit, 0 errors, 0 left on base; Moncton 4 - Lawrence 0
BOTTOM OF THE 4TH
Lawrence Patriots batting - Pitching for Moncton Mohawks : LHP Jarrett Payne
Batting: LHB Mort Simbolon 0-0: Called Strike
0-1: SINGLE (Groundball, 6MD, EV 95.6 MPH)
Batting: RHB Scottie Viele 0-0: Ball
1-0: Ball
2-0: Ball
3-0: Foul Ball, location: 2F
3-1: Called Strike
3-2: Fielders Choice at 2nd, 6-4 (Groundball, 6M, EV 82.5 MPH)
Batting: LHB Phillip Smith 0-0: Called Strike
0-1: Foul Ball, location: 2F
0-2: Strikes out swinging
Batting: LHB Andy Hendricks 0-0: Ball
1-0: Called Strike
1-1: Called Strike
1-2: Foul Ball, location: 2F
1-2: Foul Ball, location: 2F
1-2: DOUBLE (Groundball, 3L, EV 100.0 MPH)
Scottie Viele to third
Batting: RHB Obie Simbolon 0-0: Called Strike
0-1: Called Strike
0-2: Ball
1-2: Foul Ball, location: 2F
1-2: Strikes out looking
Bottom of the 4th over - 0 runs, 2 hits, 0 errors, 2 left on base; Moncton 4 - Lawrence 0
TOP OF THE 5TH
Moncton Mohawks batting - Pitching for Lawrence Patriots : RHP Breon Babechi
Batting: LHB Quincy Mobley 0-0: Ball
1-0: Ball
2-0: SINGLE (Groundball, 4MD, EV 109.4 MPH)
Batting: LHB Joseph Llamas 0-0: Ball
1-0: Swinging Strike
1-1: Swinging Strike
1-2: Foul Ball, location: 2F
1-2: Strikes out swinging
Batting: RHB Vincent Manning 0-0: Fly out, F8 (Flyball, 8RD, EV 95.6 MPH)
Batting: RHB Wyatt Rivera 0-0: Called Strike
0-1: Ball
1-1: Foul Ball, location: 2F
1-2: Foul Ball, location: 2F
1-2: Fly out, F7 (Flyball, 78S, EV 91.2 MPH)
Top of the 5th over - 0 runs, 1 hit, 0 errors, 1 left on base; Moncton 4 - Lawrence 0
BOTTOM OF THE 5TH
Lawrence Patriots batting - Pitching for Moncton Mohawks : LHP Jarrett Payne
DELAY Rain delay of 51 minutes in the 5th inning.
Batting: LHB Deshaun Hone 0-0: Hit by Pitch
Batting: RHB Vin Edwards 0-0: SINGLE (Groundball, 56D, EV 98.8 MPH)
Deshaun Hone to second
Batting: RHB Parker Woods 0-0: Ball
1-0: Foul Ball, location: 2F
1-1: Swinging Strike
1-2: Foul Ball, location: 2F
1-2: Ball
2-2: Foul Ball, location: 2F
2-2: Ball
3-2: Hit by Pitch
Deshaun Hone to third
Vin Edwards to second
Pitching: RHP Darrin Carney
Batting: RHB Lloyd Fair 0-0: Foul Ball, location: 2F
0-1: Ball
1-1: Foul Ball, location: 2F
1-2: Strikes out swinging
Batting: LHB Mort Simbolon 0-0: Foul Ball, location: 2F
0-1: Fly out, F7 (Flyball, 7LM, EV 105.0 MPH)
Runner from 3rd tags up, SCORES, throw by LF
Vin Edwards to third
Pinch Hitting: LHB Christopher Gabbard 0-0: Ball
1-0: Swinging Strike
1-1: Ball
2-1: Swinging Strike
2-2: SINGLE (Groundball, 56D, EV 94.4 MPH)
Vin Edwards scores
Parker Woods to second
Batting: LHB Phillip Smith 0-0: Called Strike
0-1: Fielders Choice at 2nd, U4 (Groundball, 4M, EV 83.8 MPH)
Bottom of the 5th over - 2 runs, 2 hits, 0 errors, 2 left on base; Moncton 4 - Lawrence 2
TOP OF THE 6TH
Moncton Mohawks batting - Pitching for Lawrence Patriots : RHP Breon Babechi
Pitching: RHP Landon Nuss
Now at SS: Norville Flores
Batting: LHB Dallin Mummau 0-0: Ball
1-0: Ball
2-0: Ball
3-0: Base on Balls
Batting: RHB Seamus Elliott 0-0: Bunted foul
0-1: Ball
1-1: Bunted foul
1-2: Strikes out looking
Batting: LHB Dallas Wombolt 0-0: Called Strike
0-1: Ball
1-1: Ball
2-1: Ball
3-1: Called Strike
3-2: Fly out, F7 (Flyball, 7D, EV 95.6 MPH)
Batting: RHB Elias Boulton 0-0: Ball
1-0: Ball
2-0: Ball
3-0: Called Strike
3-1: Fly out, F6 (Line Drive, 6M, EV 67.5 MPH)
Top of the 6th over - 0 runs, 0 hits, 0 errors, 1 left on base; Moncton 4 - Lawrence 2
BOTTOM OF THE 6TH
Lawrence Patriots batting - Pitching for Moncton Mohawks : RHP Darrin Carney
Batting: LHB Andy Hendricks 0-0: Swinging Strike
0-1: Ground out 5-3 (Groundball, 5, EV 108.8 MPH)
Batting: RHB Obie Simbolon 0-0: Foul Ball, location: 2F
0-1: Swinging Strike
0-2: Ball
1-2: Strikes out swinging
Batting: LHB Deshaun Hone 0-0: Called Strike
0-1: Ball
1-1: Called Strike
1-2: Strikes out looking
Bottom of the 6th over - 0 runs, 0 hits, 0 errors, 0 left on base; Moncton 4 - Lawrence 2
TOP OF THE 7TH
Moncton Mohawks batting - Pitching for Lawrence Patriots : RHP Landon Nuss
Batting: RHB Derell Machuca 0-0: SINGLE (Groundball, 4MD, EV 105.6 MPH)
Batting: LHB Quincy Mobley 0-0: Fly out, F7 (Flyball, 7D, EV 98.8 MPH)
Pitching: LHP Blake Lee
Batting: LHB Joseph Llamas 0-0: Ball
1-0: Ball
2-0: Called Strike
2-1: Foul Ball, location: 2F
2-2: Ball
3-2: Strikes out looking
Batting: RHB Vincent Manning 0-0: Fly out, F9 (Flyball, 9D, EV 95.0 MPH)
Top of the 7th over - 0 runs, 1 hit, 0 errors, 1 left on base; Moncton 4 - Lawrence 2
BOTTOM OF THE 7TH
Lawrence Patriots batting - Pitching for Moncton Mohawks : RHP Darrin Carney
Batting: RHB Vin Edwards 0-0: DOUBLE (Line Drive, 7LM, EV 110.6 MPH)
Batting: RHB Parker Woods 0-0: Foul Ball, location: 2F
0-1: Ball
1-1: Ball
2-1: Ball
3-1: Called Strike
3-2: Foul Ball, location: 2F
3-2: Foul Ball, location: 2F
3-2: 2-RUN HOME RUN (Flyball, 8LXD, EV 115.0 MPH), Distance : 450 ft
Batting: RHB Lloyd Fair 0-0: Called Strike
0-1: SINGLE (Flyball, 8LS, EV 91.9 MPH)
Batting: LHB Mort Simbolon 0-0: Bunted foul
0-1: Sac Bunt to 15 - play at first, batter OUT! 1-4
Lloyd Fair to second
Pinch Hitting: LHB Kenny Jackson 0-0: Intentional Walk
Batting: LHB Phillip Smith 0-0: SINGLE (Groundball, 56D, EV 108.1 MPH)
Lloyd Fair to third
Kenny Jackson to second
Pitching: LHP Vince Smith
Batting: LHB Andy Hendricks 0-0: SINGLE (Groundball, 4D, EV 98.8 MPH)
Lloyd Fair scores
Kenny Jackson to third
Phillip Smith to second
Batting: RHB Obie Simbolon 0-0: Ball
1-0: Foul Ball, location: 2F
1-1: Foul Ball, location: 2F
1-2: Strikes out swinging
Batting: LHB Deshaun Hone 0-0: Ball
1-0: Ball
2-0: Ball
3-0: Called Strike
3-1: SINGLE (Groundball, 6D, EV 94.4 MPH)
Kenny Jackson scores
Phillip Smith to third
Andy Hendricks to second
Runner from 3rd tries for Home, SAFE, throw by LF to home
Batting: RHB Vin Edwards 0-0: Called Strike
0-1: Foul Ball, location: 2F
0-2: Strikes out swinging
Bottom of the 7th over - 5 runs, 6 hits, 0 errors, 2 left on base; Moncton 4 - Lawrence 7
TOP OF THE 8TH
Moncton Mohawks batting - Pitching for Lawrence Patriots : LHP Blake Lee
Now at SS: Porter Thompson
Batting: RHB Wyatt Rivera 0-0: Called Strike
0-1: Ball
1-1: Ball
2-1: Ball
3-1: Foul Ball, location: 2F
3-2: Base on Balls
Batting: LHB Dallin Mummau 0-0: Called Strike
0-1: Swinging Strike
0-2: Ball
Wild Pitch!
Wyatt Rivera to second
1-2: Foul Ball, location: 2F
1-2: Strikes out swinging
Batting: RHB Seamus Elliott 0-0: Called Strike
0-1: Ball
1-1: Ball
2-1: Called Strike
2-2: Ground out 5-3 (Groundball, 56, EV 101.9 MPH)
Pitching: RHP Travis Yancey
Batting: LHB Dallas Wombolt 0-0: Fly out, F7 (Line Drive, 7D, EV 96.9 MPH)
Top of the 8th over - 0 runs, 0 hits, 0 errors, 1 left on base; Moncton 4 - Lawrence 7
BOTTOM OF THE 8TH
Lawrence Patriots batting - Pitching for Moncton Mohawks : LHP Vince Smith
Batting: RHB Parker Woods 0-0: Called Strike
0-1: Foul Ball, location: 2F
0-2: Ball
1-2: Strikes out swinging
Batting: RHB Lloyd Fair 0-0: Called Strike
0-1: Swinging Strike
0-2: Foul Ball, location: 2F
0-2: Ground out 6-3 (Groundball, P, EV 82.5 MPH)
Batting: LHB Mort Simbolon 0-0: Called Strike
0-1: Swinging Strike
0-2: Ball
1-2: Foul Ball, location: 2F
1-2: Strikes out swinging
Bottom of the 8th over - 0 runs, 0 hits, 0 errors, 0 left on base; Moncton 4 - Lawrence 7
TOP OF THE 9TH
Moncton Mohawks batting - Pitching for Lawrence Patriots : RHP Travis Yancey
Pitching: LHP Kolby Wells
Batting: RHB Elias Boulton 0-0: Called Strike
0-1: Called Strike
0-2: Ball
1-2: SINGLE (Groundball, 56, EV 106.9 MPH)
Batting: RHB Derell Machuca 0-0: Swinging Strike
0-1: Ball
1-1: Swinging Strike
1-2: Strikes out looking
Pinch Hitting: RHB Camden Price 0-0: Foul Ball, location: 2F
0-1: Foul Ball, location: 2F
0-2: Strikes out swinging
Batting: LHB Joseph Llamas 0-0: Called Strike
0-1: Ball
1-1: Foul Ball, location: 2F
1-2: Foul Ball, location: 2F
1-2: Strikes out swinging
Top of the 9th over - 0 runs, 1 hit, 0 errors, 1 left on base; Moncton 4 - Lawrence 7
Monday, April 29th , 2024 - OOTP Baseball 23.10 Build 110